 Dungeon Sprint DCSS version 0.19.5 (webtiles) character file.

28 Groucho the Covert (level 2, -1/13 HPs)
             Began as a Spriggan Enchanter on May 9, 2017.
             Was a Believer of Dithmenos.
             Killed from afar by Blork the orc (6 damage)
             ... with a magic dart
             ... in the Dungeon (Sprint VII: "The Pits").
             The game lasted 00:01:24 (353 turns).

Groucho the Covert (Spriggan Enchanter)              Turns: 353, Time: 00:01:24

Health: -1/13      AC:  3    Str:  4    XL:     2   Next: 96%
Magic:  4/8        EV: 18    Int: 16    God:    Dithmenos [**....]
Gold:   0          SH:  0    Dex: 16    Spells: 2 memorised, 6 levels left

rFire  . . .     SeeInvis +     a - +2 dagger
rCold  . . .     Gourm    .     b - +1 robe
rNeg   . . .     Faith    .     (shield restricted)
rPois  .         Spirit   .     (helmet restricted)
rElec  .         Reflect  .     (no cloak)
rCorr  .         Harm     .     (gloves unavailable)
MR     .....     NoTele   +     (boots unavailable)
Stlth  +++++.....               (no amulet)
                                (no ring)
                                (no ring)

@: wreathed by umbra, very quick
A: unfitting armour, see invisible, herbivore 3, speed 3, slow metabolism 2
a: Shadow Step, Renounce Religion


You were in the Dungeon.
You worshipped Dithmenos.
Dithmenos was pleased with you.
You were not hungry.

You visited 1 branch

Inventory:

Hand Weapons
 a - a +2 dagger (weapon)
Missiles
 p - 9 stones (quivered)
Armour
 b - a +1 robe (worn)
Scrolls
 j - a scroll of blinking
 l - 3 scrolls of remove curse
 m - 5 scrolls of amnesia
 n - a scroll of summoning
Potions
 e - a potion of curing
 f - a potion of heal wounds
 g - a potion of haste
 h - 4 potions of magic
 i - 3 potions of berserk rage
 k - 2 potions of invisibility
Books
 c - a book of Maledictions

   Spells                             Type                      Level
   a - Corona                         Hexes                        1
   b - Ensorcelled Hibernation        Hexes/Ice                    2
   c - Confuse                        Hexes                        3
   d - Tukima's Dance                 Hexes                        3
   e - Dazzling Spray                 Conjuration/Hexes            3
Comestibles
 d - 8 bread rations
 o - 40 fruits


   Skills:
 - Level 1.1 Short Blades
 - Level 3.0 Dodging
 * Level 8.0 Stealth
 + Level 4.4 Spellcasting
 + Level 5.0 Hexes


You had 6 spell levels left.
You knew the following spells:

 Your Spells              Type           Power        Failure   Level  Hunger
a - Corona                Hex            ###....      1%          1    None
b - Ensorcelled Hibernat  Hex/Ice        ##....       10%         2    ##.....


Dungeon Overview and Level Annotations

Branches:
Dungeon (1/1)

Altars:
Ashenzari
Cheibriados
Dithmenos
Elyvilon
Fedhas
Gozag
Hepliaklqana
Kikubaaqudgha
Makhleb
Nemelex Xobeh
Okawaru
Qazlal
Ru
Sif Muna
Trog
Uskayaw
Vehumet
Xom
Yredelemnul
Zin
The Shining One
Beogh
Jiyva
Lugonu

Annotations:
D Blork the orc


Innate Abilities, Weirdness & Mutations

You are very small and have problems with some larger weapons.
You are too small for most types of armour.
You have supernaturally acute eyesight. (SInv)
You are a herbivore.
You cover ground extremely quickly.
You need consume almost no food.


Message History

Casting: Ensorcelled Hibernation
Confirm with . or Enter, or press ? or * to list all spells.
Aiming: Ensorcelled Hibernation
Press: ? - help, Shift-Dir - straight line, f/p - Blork the orc
Aim: Blork the orc, wielding a mace and wearing a robe (chance to defeat MR: 42%) Blork the orc looks drowsy...
There is a bloodstained altar of Trog here.
There is a deep blue altar of Sif Muna here.
There is a sacrificial altar of Ru here.
The helpless Blork the orc fails to defend himself.
You impale Blork the orc!!
Blork the orc is almost dead.
Blork the orc casts a spell at you. The puff of frost hits you!
Ouch! That really hurt!
Unknown command.
Press < or > to pray at altars.
Blork the orc gestures at you while chanting.
The magic dart hits you!
You die...

############ #__________#
#____o_@___#
#____#####'###########++
######)))#.##...........
#%?|.')))'.##......#..#.
##########.##...........
#.........รท.'...........
#+#####)#####......#..#.
#.....##...........
#####'#####'#####++


You could see Blork the orc.

Vanquished Creatures
  An adder (D)
  A river rat (D)
  A giant cockroach (D)
  2 hobgoblins (D)
  2 jackals (D)
  2 quokkas (D)
9 creatures vanquished.

Notes
Turn   | Place    | Note
-------+----------+-------------------------------------------
     0 | D        | Groucho the Spriggan Enchanter began the quest for the Orb.
     0 | D        | Reached XP level 1. HP: 9/9 MP: 5/5
    11 | D        | Reached skill level 6 in Stealth
    11 | D        | Reached XP level 2. HP: 13/13 MP: 5/7
    18 | D        | Learned a level 2 spell: Ensorcelled Hibernation
    50 | D        | Found a radiant altar of Vehumet.
    50 | D        | Found a hide-covered altar of Uskayaw.
    50 | D        | Found an ancient bone altar of Kikubaaqudgha.
    50 | D        | Found a viscous altar of Jiyva.
    50 | D        | Found a hazy altar of Hepliaklqana.
    51 | D        | Found a bloodstained altar of Trog.
    51 | D        | Found a deep blue altar of Sif Muna.
    51 | D        | Found a sacrificial altar of Ru.
    51 | D        | Found a stormy altar of Qazlal.
    51 | D        | Found an iron altar of Okawaru.
    51 | D        | Found a sparkling altar of Nemelex Xobeh.
    51 | D        | Found an opulent altar of Gozag.
    51 | D        | Found a blossoming altar of Fedhas.
    51 | D        | Found a white marble altar of Elyvilon.
    51 | D        | Found a shadowy altar of Dithmenos.
    51 | D        | Found a snail-covered altar of Cheibriados.
    52 | D        | Found a glowing golden altar of the Shining One.
    52 | D        | Found a glowing silver altar of Zin.
    54 | D        | Found a roughly hewn altar of Beogh.
    54 | D        | Found a burning altar of Makhleb.
    54 | D        | Found a basalt altar of Yredelemnul.
    55 | D        | Found a shattered altar of Ashenzari.
    55 | D        | Found a corrupted altar of Lugonu.
    55 | D        | Found a shimmering altar of Xom.
    60 | D        | Became a worshipper of Dithmenos the Shadowed
   205 | D        | Reached * piety under Dithmenos
   208 | D        | Reached skill level 7 in Stealth
   211 | D        | Noticed Blork the orc
   223 | D        | Reached ** piety under Dithmenos
   223 | D        | Reached skill level 5 in Hexes
   230 | D        | Reached skill level 8 in Stealth
   353 | D        | Killed from afar by Blork the orc

Skill      XL: |  1  2 |
---------------+-------+-----
Stealth        | 6 8 |  8.0
Spellcasting   | 3 4 |  4.4
Hexes          | 4 5 |  5.0
Short Blades   | |  1.1
Dodging        | |  3.0

Action                   || total
-------------------------++-------
Melee: Dagger            ||    21
Throw: Stone             ||     1
 Cast: Ensorcelled Hiber ||     6
 Stab: Sleeping          ||     7
Armor: Robe              ||     1
Dodge: Dodged            ||    13
